 Dungeon Crawl Stone Soup version 0.28.0-49-g6dfe1f597d (webtiles) character file.

Game seed: 15388035817772634749

102027 mortz the Devastator (level 16, -5/106 HPs)
             Began as a Human Conjurer on May 8, 2022.
             Was a High Priest of Vehumet.
             Killed from afar by a starcursed mass (8 damage)
             ... with an accursed screaming
             ... on level 3 of the Abyss on May 11, 2022.
             The game lasted 05:42:38 (48207 turns).

mortz the Devastator (Human Conjurer)              Turns: 48207, Time: 05:42:39

Health: -5/106     AC: 20    Str:  8    XL:     16   Next: 84%
Magic:  2/43       EV: 16    Int: 26    God:    Vehumet [*****.]
Gold:   100        SH:  5    Dex: 24    Spells: 2/43 levels left

rFire   + . .      SeeInvis .   x - +8 dire flail "Plog" {drain, +Blink rPois rF+ Int+4, mace}
rCold   . . .      Faith    .   (shield currently unavailable)
rNeg    + . .      Spirit   .   l - +0 troll leather armour
rPois   +          Reflect  +   i - +2 helmet
rElec   .          Harm     .   r - +2 ratskin cloak {*Rats rPois rN+ Str-1 Int-1 Dex+1}
rCorr   +          Rampage  .   (no gloves)
Will    +....                   C - +0 pair of boots of Gozag's Fury {rCorr Dex+9}
Stlth   +++.......              q - amulet of reflection
HPRegen 0.00/turn               Z - ring of the Tortoise {AC+8}
MPRegen 0.28/turn               Q - ring of magical power

@: sick, studying Staves
A: no striking features
a: Renounce Religion, Evoke Blink


You were on level 3 of the Abyss.
You worshipped Vehumet.
Vehumet was extremely pleased with you.
You visited 4 branches of the dungeon, and saw 23 of its levels.
You visited the Abyss 1 time.
You also visited: Sewer and Ice Cave.

You collected 2917 gold pieces.
You spent 2817 gold pieces at shops.


   Skills:
 + Level 4.1 Fighting
 + Level 1.2(1.4) Short Blades
 + Level 0.9(1.2) Long Blades
 + Level 2.6 Maces & Flails
 + Level 1.3 Polearms
 + Level 4.8 Armour
 + Level 6.6 Dodging
 + Level 5.5 Stealth
 + Level 5.0 Shields
 + Level 0.2 Unarmed Combat
 + Level 14.3 Spellcasting
 + Level 15.2 Conjurations
 + Level 3.7 Hexes
 + Level 10.2 Translocations
 + Level 7.4 Fire Magic
 + Level 1.6 Air Magic
 + Level 5.8 Earth Magic
 * Level 6.1 Evocations


You had 2 spell levels left.
You knew the following spells:

 Your Spells              Type           Power      Damage    Failure   Level
a - Magic Dart            Conj           100%       1d8       0%          1
b - Searing Ray           Conj           100%       2d8       0%          2
c - Iskenderun's Mystic   Conj/Tloc      71%        2d14      1%          4
d - Sandblast             Erth           98%        2d20      1%          1
e - Scorch                Fire           100%       2d10      1%          2
f - Fireball              Conj/Fire      33%        3d14      1%          5
g - Inner Flame           Hex/Fire       47%        N/A       1%          3
h - Passage of Golubria   Tloc           64%        N/A       1%          4
i - Lightning Bolt        Conj/Air       29%        1d45      1%          5
j - Orb of Destruction    Conj           39%        9d11      1%          7
k - Starburst             Conj/Fire      33%        6d10      1%          6
l - Apportation           Tloc           100%       N/A       1%          1

Your spell library contained the following spells:

 Spells                   Type           Power      Damage    Failure   Level
 Eringya's Noxious Bog    Tmut/Pois      9%         N/A       80%         6
 Static Discharge         Conj/Air       58%        N/A       1%          2
 Animate Skeleton         Necr           36%        N/A       4%          1
 Summon Small Mammal      Summ           72%        N/A       4%          1
 Sublimation of Blood     Necr           18%        N/A       6%          2
 Dazzling Flash           Conj/Hex       100%       N/A       1%          3
 Fulminant Prism          Conj/Hex       31%        3d16      1%          4
 Irradiate                Conj/Tmut      27%        3d22      1%          5
 Confusing Touch          Hex            38%        N/A       2%          3
 Tukima's Dance           Hex            38%        N/A       2%          3
 Frozen Ramparts          Ice            36%        1d5       3%          3
 Petrify                  Tmut/Erth      33%        N/A       12%         4
 Yara's Violent Unravell  Hex/Tmut       14%        3d7       13%         5
 Ice Form                 Ice/Tmut       18%        N/A       36%         4
 Summon Ice Beast         Ice/Summ       18%        N/A       36%         4
 Ignition                 Fire           27%        3d9       95%         8
 Enfeeble                 Hex            19%        N/A       100%        7
 Maxwell's Capacitive Co  Air            13%        ∞         100%        8

Inventory:

Hand Weapons
 s - the +2 Maxwell's thermic engine {flame, freeze}
   (You took it off a centaur on level 4 of the Lair of Beasts)

   It burns those it strikes, dealing additional fire damage.
   Big, fiery blades are also staple armaments of hydra-hunters.
   It freezes those it strikes, dealing additional cold damage.
   It can also slow down cold-blooded creatures.
   It becomes more effective when it hits something.
   This effect fades over time.
 x - the +8 dire flail "Plog" (weapon) {drain, +Blink rPois rF+ Int+4, mace}
   (You found it on level 5 of the Lair of Beasts)

   A truly terrible weapon, it drains the life of any living foe it strikes.
   Int:       It affects your intelligence (+4).
   rF:        It protects you from fire.
   rPois:     It protects you from poison.
   +Blink:    It lets you blink.
 A - a +6 demon trident {polearm}
   (You took it off Urug on level 3 of the Lair of Beasts)
Missiles
 a - 6 silver boomerangs {throwing}
 k - 9 silver javelins {throwing}
 J - 488 stones {throwing}
Armour
 i - a +2 helmet (worn)
   (You found it on level 1 of the Dungeon)
 l - a +0 troll leather armour (worn)
   (You found it on level 12 of the Dungeon)
 r - the +2 ratskin cloak (worn) {*Rats rPois rN+ Str-1 Int-1 Dex+1}
   (You found it on level 4 of the Dungeon)

   When the wearer is hurt, rats may emerge from it to assist them.
   Str:       It affects your strength (-1).
   Int:       It affects your intelligence (-1).
   Dex:       It affects your dexterity (+1).
   rPois:     It protects you from poison.
   rN:        It protects you from negative energy.
 C - the +0 pair of boots of Gozag's Fury (worn) {rCorr Dex+9}
   (You bought it in a shop on level 2 of the Orcish Mines)

   Dex:       It affects your dexterity (+9).
   rCorr:     It protects you from acid and corrosion.
 F - a +2 robe of resistance
   (You found it on level 5 of the Lair of Beasts)
 L - a +0 buckler of cold resistance
   (You found it in an ice cave)
 S - +0 swamp dragon scales
   (You found it on level 6 of the Lair of Beasts)
Magical Staves
 o - a staff of fire {!astaff}
   (You found it on level 9 of the Dungeon)
 t - a staff of cold {!astaff}
   (You found it on level 5 of the Lair of Beasts)
Jewellery
 e - a +6 ring of dexterity
   (You found it on level 1 of the Dungeon)
 q - an amulet of reflection (around neck)
   (You found it in a sewer)
 z - a +4 ring of protection
   (You found it on level 13 of the Dungeon)
 G - the ring of Resumed Hostilities {Will+ Dex+2 SInv}
   (You found it in an ice cave)

   [ring of willpower]

   Dex:       It affects your dexterity (+2).
   SInv:      It lets you see invisible.
   Will:      It increases your willpower.
 Q - a ring of magical power (right hand)
   (You bought it in a shop on level 2 of the Orcish Mines)
 Z - the ring of the Tortoise (left hand) {AC+8}
   (You bought it in a shop on level 2 of the Orcish Mines)

   [ring of protection]

   AC:        It affects your AC (+8).
Wands
 f - a wand of iceblast (2)
   (You found it on level 6 of the Lair of Beasts)
 y - a wand of polymorph (15)
   (You took it off Sigmund on level 2 of the Dungeon)
 R - a wand of mindburst (2)
   (You found it on level 9 of the Dungeon)
 W - a wand of charming (8)
   (You found it on level 1 of the Lair of Beasts)
Scrolls
 b - a scroll of immolation {!r!r}
 g - a scroll of amnesia
 j - a scroll of summoning
 m - a scroll of brand weapon {unknown}
 n - 3 scrolls of fog
 u - 2 scrolls of fear
 B - 3 scrolls of vulnerability {!r!r}
 M - a scroll of enchant armour
 N - 7 scrolls of magic mapping {!r}
 P - 4 scrolls of holy word
 U - 4 scrolls of identify {@r1}
 V - a scroll of silence {unknown}
 X - a scroll of acquirement {unknown}
 Y - 4 scrolls of enchant weapon
Potions
 c - 3 potions of resistance
 d - 3 potions of curing {@q1}
 v - 2 potions of haste {@q3}
 D - 3 potions of heal wounds {@q2}
 E - 2 potions of cancellation
 H - a potion of brilliance
 I - 2 potions of might
 K - 2 potions of berserk rage {!q}
 O - a potion of ambrosia
Miscellaneous
 h - a phantom mirror
   (You found it on level 12 of the Dungeon)
 w - a box of beasts
   (You found it on level 12 of the Dungeon)
 T - a phial of floods
   (You found it on level 11 of the Dungeon)

Dungeon Overview and Level Annotations

Branches:
Dungeon (14/15)            Temple (1/1) D:5            Lair (6/6) D:11
 Shoals (0/4) Lair:4       Spider (0/4) Lair:2        Slime (0/5) Lair:5
    Orc (2/2) D:11            Elf (0/3) Orc:2         Sewer (visited)
  IceCv (visited)
 Vaults: D:13-14

Altars:
Ashenzari
Cheibriados
Dithmenos
Elyvilon
Fedhas
Gozag
Hepliaklqana
Kikubaaqudgha
Makhleb
Nemelex Xobeh
Okawaru
Qazlal
Ru
Sif Muna
Trog
Uskayaw
Vehumet
Wu Jian
Xom
Yredelemnul
Zin
The Shining One
Beogh
Jiyva

Shops:
Orc:1 **   Orc:2 :=[?[

Annotations:
D:5 Dowan, Duvessa
D:7 3 runed translucent doors, Sret's ghost, novice MiBe
D:11 3 runed translucent doors, exclusion: hydra, osinmv's ghost, journeyman GrFi
D:14 Louise
Lair:1 1 runed translucent door, croobank's ghost, novice GnDe
Lair:5 2 transporters, Sozuc's ghost, journeyman KoWz

#..X##
#.....####
#X.##.##..##....
##.......#. ..#
..# #.XX..x.#.
..##..#
#..XXY#.#.#.
.### .
#.D355##..3..# #
# #r55#3.## .#.#
#§55...##..# ..
# #§#@.#.## #§
## # #..###§. ..
#...##§## #
###### . #### #


You could see a bone dragon (ally target), 4 starcursed masses, a large
abomination, a smoke demon, a ynoxinul, 6 ufetubi and a friendly hell rat.


Message History

The mystic blast hits the starcursed mass.
The starcursed mass is knocked back by the mystic blast.
The starcursed mass slams into the rock wall!
The starcursed mass shudders and is absorbed by its neighbour.
You are covered in liquid flames!
* * * LOW HITPOINT WARNING * * *
You hear a bark!
The ynoxinul gestures.
A large abomination comes into view. 😨 HP[-1] MP[-4]
You take 1 damage, and now have 35/106 hp.
You lost 4 mp, and now have 12/43 mp.
Casting: Iskenderun's Mystic Blast (safe; 1% risk of failure)
Confirm with . or Enter, or press ? or * to list all spells.
Aiming: Orb of Destruction (dangerous; 1% risk of failure)
Press: ? - help, Shift-Dir - straight line, f - bone dragon
Aim: a bone dragon (lightly damaged)
Your orb of destruction hits a rock wall.
You are covered in liquid flames!
* * * LOW HITPOINT WARNING * * *
The ynoxinul gestures.
A starcursed mass splits. 😨 HP[-3] MP[-7]
You take 3 damage, and now have 32/106 hp.
You lost 7 mp, and now have 5/43 mp.
Casting: Orb of Destruction (dangerous; 1% risk of failure)
Confirm with . or Enter, or press ? or * to list all spells.
You erupt in a blast of force!
The mystic blast hits the ancient zyme!
The ancient zyme is knocked back by the mystic blast.
The mystic blast hits the ufetubus!
You kill the ufetubus!
The ufetubus disappears in a puff of smoke!
The mystic blast hits the smoke demon!
The smoke demon is knocked back by the mystic blast.
The mystic blast hits the starcursed mass!
The mystic blast hits the bone dragon.
The bone dragon is knocked back by the mystic blast.
The bone dragon collides with the smoke demon!
The mystic blast hits the starcursed mass.
The starcursed mass is knocked back by the mystic blast.
The starcursed mass slams into the rock wall!
The hellephant trumpets!
The starcursed mass shudders and is absorbed by its neighbour.
You are covered in liquid flames!
* * * LOW HITPOINT WARNING * * *
The starcursed mass shrieks in your mind.
* * * LOW HITPOINT WARNING * * *
😱 HP[-10] MP[-4]
You take 10 damage, and now have 22/106 hp.
You lost 4 mp, and now have 1/43 mp.
You feel much better. The smoke demon gestures at you. Something smites you!
* * * LOW HITPOINT WARNING * * *
A starcursed mass splits.
A chorus of shrieks assaults your mind.
* * * LOW HITPOINT WARNING * * *
The bone dragon bites you but does no damage.
The bone dragon claws you but does no damage.
The bone dragon closely misses you. 😱 HP[+2] MP[+1]
You regained 2 hp, and now have 24/106 hp.
You blink.
The ynoxinul hits you.
* * * LOW HITPOINT WARNING * * *
A starcursed mass splits. 😱 HP[-6] MP[-1]
You take 6 damage, and now have 18/106 hp.
You lost 1 mp, and now have 1/43 mp.
The ufetubus barely misses you.
The ufetubus hits you but does no damage.
The smoke demon gestures at you. The sticky flame hits you. You resist.
You are covered in liquid flames!
* * * LOW HITPOINT WARNING * * *
The ufetubus barely misses you. The ufetubus closely misses you.
A chorus of shrieks assaults your mind.
* * * LOW HITPOINT WARNING * * *
A hell rat scurries out from under your cloak. 😱 HP[-10]
You take 10 damage, and now have 8/106 hp.
You are covered in liquid flames!
* * * LOW HITPOINT WARNING * * *
A starcursed mass splits.
Your hell rat closely misses the bone dragon.
A starcursed mass splits. 😱 HP[-3] MP[+1]
You take 3 damage, and now have 5/106 hp.
You are covered in liquid flames!
* * * LOW HITPOINT WARNING * * *
You feel stable enough to blink again.
The ynoxinul gestures.
The bone dragon bites your hell rat but does no damage.
The bone dragon claws your hell rat but does no damage.
The bone dragon misses your hell rat.
Your hell rat bites the bone dragon but does no damage.
The ufetubus hits you but does no damage. x3
You block the ufetubus's attack. A chorus of shrieks assaults your mind.
You die...

Skill      XL: |  1  2  3  4  5  6  7  8  9 10 11 12 13 14 15 16 |
---------------+-------------------------------------------------+-----
Conjurations   | 5 6 7 8 9 10 11 12 13 14 15 | 15.2
Spellcasting   | 3 4 5 6 7 8 10 11 12 13 14 | 14.3
Stealth        | 3 4 5 |  5.5
Translocations | 1 3 4 5 6 7 8 9 10 | 10.2
Dodging        | 3 4 5 6 |  6.6
Armour         | 1 3 4 |  4.8
Shields        | 1 2 3 4 5 |  5.0
Fighting       | 1 2 3 4 |  4.1
Earth Magic    | 2 4 5 |  5.8
Short Blades   | 1 |  1.2
Fire Magic     | 1 2 3 5 6 7 |  7.4
Polearms       | 1 |  1.3
Hexes          | 2 3 |  3.7
Maces & Flails | 1 2 |  2.6
Evocations     | 3 6 |  6.1
Air Magic      | 1 |  1.6
Long Blades    | |  0.9
Unarmed Combat | |  0.2

Action                   |  1- 3 |  4- 6 |  7- 9 | 10-12 | 13-15 | 16-18 || total
-------------------------+-------+-------+-------+-------+-------+-------++-------
Melee: Unarmed           |    10 |       |       |       |       |       ||    10
       Punch             |     1 |       |       |       |       |       ||     1
       Dagger            |     9 |    17 |     2 |    20 |       |       ||    48
       Trident           |       |       |     1 |     1 |       |       ||     2
       Double sword      |       |       |       |       |    12 |       ||    12
       Demon trident     |       |       |       |       |     8 |       ||     8
       Dire flail        |       |       |       |       |    19 |    57 ||    76
Throw: Boomerang         |       |       |       |       |     3 |       ||     3
 Cast: Magic Dart        |    29 |    58 |   105 |   144 |   101 |    27 ||   464
       Searing Ray       |     4 |    46 |    80 |   128 |   127 |    28 ||   413
       Iskenderun's Myst |       |       |       |    79 |   237 |    93 ||   409
       Scorch            |       |       |       |     5 |       |       ||     5
       Inner Flame       |       |       |       |     3 |    71 |     2 ||    76
       Fireball          |       |       |       |    22 |   202 |    92 ||   316
       Sandblast         |       |       |       |     9 |       |     5 ||    14
       Lightning Bolt    |       |       |       |       |    48 |    12 ||    60
       Passage of Golubr |       |       |       |       |     1 |       ||     1
       Orb of Destructio |       |       |       |       |     2 |    26 ||    28
 Abil: Evoke Blink       |       |       |       |       |       |     4 ||     4
Evoke: Wand              |       |       |       |     2 |     5 |     3 ||    10
  Use: Scroll            |       |     4 |     2 |    14 |     9 |     4 ||    33
       Potion            |       |       |       |     1 |     5 |     3 ||     9
Armor: Robe              |     3 |     5 |     4 |    64 |    54 |    22 ||   152
       Leather armour    |       |       |     8 |     1 |       |       ||     9
       Swamp dragon scal |       |       |       |       |    15 |    10 ||    25
       Acid dragon scale |       |       |       |       |     9 |     1 ||    10
       Troll leather arm |       |       |       |       |       |    56 ||    56
Dodge: Dodged            |    13 |    21 |    35 |   116 |   131 |   150 ||   466
Block: Buckler           |       |     6 |    20 |   102 |    72 |       ||   200
       Reflection        |       |       |     3 |     3 |     7 |     7 ||    20
       Other             |       |       |       |       |    19 |    43 ||    62

Levels and vault maps discovered:
D:1:      minmay_arrival_shoal_huts, layout_basic, minmay_tromino_mix6
D:2:      minmay_diamond_boxcup, layout_basic,
          hellmonk_ecumenical_altar_slurped_away, uniq_sigmund
D:3:      minmay_door_path, layout_loops_cross, gup_sewer_entry_bubbles
D:4:      layout_basic
D:5:      nicolae_cairo_tiling_large_dashed, layout_loops_ring,
          lightli_temple_of_fire, mainiacjoe_overflow_concentric_impassable,
          okawaru_altar_gauntlet_db, temple_statues, uniq_duvessa
D:6:      layout_layer_cave
D:7:      layout_rooms, mainiacjoe_overflow_six_doors_small,
          nemelex_diamond_rough_becter, biasface_ghost_orc_armoury
D:8:      nicolae_BIG_FREAKIN_CUBE, layout_rooms, elyvilon_altar_4, st_stairs_13
D:9:      layout_loops_ring, tso_metal_star, mainiacjoe_overflow_alcove_2
D:10:     layout_layer_cave, nicolae_uskayaw_murder_on_the_dancefloor,
          minmay_misc_feat_tower, abandoned_shop, grunt_ministairs_6
D:11:     layout_roguey, due_lair_maze_entry_diamond, zombieorc2_lemuel,
          gammafunk_ghost_ooze
D:12:     layout_basic, minmay_pinched_square
D:13:     layout_loops_ring
D:14:     layout_stronghold, grunt_vaults_entry_fortified,
          portal_ice_cave_entry_pillars_four, serial_bayou, serial_bayou_pond_c,
          serial_bayou_pond_c, serial_bayou_lake_a, serial_bayou_pond_d,
          minmay_misc_feat_rows, uniq_louise
Temple:   dshaligram_water_room_temple
Lair:1:   layout_chaotic_city, basic_altar, ebering_ghost_inner_flame,
          serial_bayou_shore_b, serial_bayou_shore_b
Lair:2:   layout_cave_pods, spider_nest_entry_web_field, st_stairs_11,
          grunt_megastairs_5
Lair:3:   nzn_winding_woodlands_cross [nzn_winding_woodlands_5x15_longhouse,
          nzn_winding_woodlands_5x15_default,
          nzn_winding_woodlands_5x15_split_checker,
          nzn_winding_woodlands_5x15_garden,
          nzn_winding_woodlands_15x15_killbox], layout_long_grid, uniq_urug
Lair:4:   layout_cave_pods, minmay_shoals_entry_centaurs, special_room
          [special_room_mythical_zoo], serial_bayou_shore_b,
          infiniplex_staircase_pool_2, uniq_rupert
Lair:5:   layout_regular_city, minmay_slime_entry_oklob_open, nzn_ghost_randoct
Lair:6:   guppyfry_lair_end_dragon, layout_cave_shapes, hangedman_lair_in_review
Orc:1:    layout_diamond_mine, basic_altar, nicolae_specific_store
Orc:2:    st_orc_mages, layout_caves, nicolae_volcano_entry_s_turn,
          serial_shops, shop, basic_altar
Abyss:3:  base: D:5, evilmike_abyss_exit_7,
          evilmike_abyss_rune_elephants_shrine, base:
D:8

Notes
Turn   | Place    | Note
-------+----------+-------------------------------------------
     0 | D:1      | mortz the Human Conjurer began the quest for the Orb.
     0 | D:1      | Reached XP level 1. HP: 13/13 MP: 3/3
     0 | D:1      | magus.rc [v1.9.6]
   176 | D:1      | Reached XP level 2. HP: 19/19 MP: 0/5
   415 | D:1      | Learned a level 2 spell: Searing Ray
   434 | D:1      | You fall into a shaft and drop 1 floor!
   446 | D:2      | Reached XP level 3. HP: 24/24 MP: 2/6
   797 | D:1      | Reached skill level 5 in Conjurations
   857 | D:1      | Reached XP level 4. HP: 26/30 MP: 2/7
  1734 | D:2      | Found a faded altar of an unknown god.
  2010 | D:2      | Reached XP level 5. HP: 35/35 MP: 3/8
  2959 | D:2      | Reached skill level 3 in Spellcasting
  3057 | D:2      | Noticed Sigmund
  3618 | D:3      | Found a glowing drain.
  3634 | D:3      | Reached XP level 6. HP: 25/41 MP: 1/10
  3702 | Sewer    | Entered a sewer
  3798 | Sewer    | Noticed a water moccasin
  3809 | Sewer    | Killed a water moccasin
  3810 | Sewer    | Reached skill level 3 in Stealth
  3811 | Sewer    | HP: 10/41 [poisoned by a water moccasin]
  4342 | D:3      | You pick up a book of Conjurations {@e2} and begin
                  | reading...
  4939 | D:4      | Reached skill level 4 in Spellcasting
  4940 | D:4      | Reached skill level 6 in Conjurations
  4940 | D:4      | Reached XP level 7. HP: 40/46 MP: 3/13
  5101 | D:4      | Found the +2 ratskin cloak {*Rats rPois rN+ Str-1 Int-1
                  | Dex+1}
  5281 | D:4      | Reached skill level 1 in Translocations
  6052 | D:5      | Entered Level 5 of the Dungeon
  6235 | D:5      | Noticed Dowan
  6396 | D:5      | Noticed Duvessa
  6592 | D:5      | Reached XP level 8. HP: 53/53 MP: 10/15
  6680 | D:5      | Found a shimmering altar of Xom.
  6770 | D:5      | Reached skill level 5 in Spellcasting
  6854 | D:5      | Reached skill level 7 in Conjurations
  6907 | D:5      | Reached skill level 2 in Translocations
  6916 | D:5      | Reached skill level 3 in Dodging
  7090 | D:5      | Found a burning altar of Makhleb.
  7464 | D:5      | Found an iron altar of Okawaru.
  7580 | D:5      | Found a staircase to the Ecumenical Temple.
  7589 | Temple   | Entered the Ecumenical Temple
  7645 | Temple   | Became a worshipper of Vehumet
  8112 | D:2      | Killed Sigmund
  8810 | D:6      | Reached skill level 3 in Translocations
  8944 | D:6      | Reached skill level 1 in Armour
  8944 | D:6      | Reached XP level 9. HP: 34/58 MP: 8/17
  9868 | D:7      | Found a sparkling altar of Nemelex Xobeh.
  9899 | D:7      | Noticed a hornet
  9995 | D:7      | Reached skill level 2 in Armour
  9995 | D:7      | Reached skill level 8 in Conjurations
 10055 | D:7      | Reached skill level 6 in Spellcasting
 10179 | D:7      | Found a stormy altar of Qazlal.
 10367 | D:7      | Reached skill level 1 in Shields
 10504 | D:7      | Found a runed translucent gate.
 10504 | D:7      | Found a runed translucent gate.
 10504 | D:7      | Found a runed translucent gate.
 10510 | D:7      | Noticed Sret's ghost (novice MiBe)
 10820 | D:8      | Reached * piety under Vehumet
 10820 | D:8      | Offered knowledge of Sandblast by Vehumet.
 10821 | D:8      | Noticed a hornet
 10914 | D:7      | Learned a level 4 spell: Iskenderun's Mystic Blast
 10933 | D:7      | Learned a level 1 spell: Sandblast
 10949 | D:8      | Killed a hornet
 10950 | D:8      | Reached skill level 4 in Stealth
 10950 | D:8      | Reached skill level 4 in Translocations
 11061 | D:7      | Killed a hornet
 11062 | D:7      | Reached skill level 1 in Fighting
 11062 | D:7      | Reached skill level 1 in Earth Magic
 11145 | D:7      | magus.rc [v1.9.6]
 11213 | D:8      | You pick up a book of Misfortune and begin reading...
 11213 | D:8      | You add the spells Confusing Touch, Yara's Violent
                  | Unravelling and Enfeeble to your library.
 11221 | D:8      | Found a white marble altar of Elyvilon.
 11238 | D:8      | You add the spells Tukima's Dance and Passage of Golubria
                  | to your library.
 11449 | D:8      | Reached skill level 3 in Armour
 11736 | D:9      | Reached skill level 2 in Earth Magic
 11736 | D:9      | Reached XP level 10. HP: 65/65 MP: 8/19
 12036 | D:9      | Found a glowing silver altar of Zin.
 12404 | D:9      | Identified the +1 robe of Mafukapa {rF+}
 12482 | D:9      | Found a glowing golden altar of the Shining One.
 13046 | D:10     | Entered Level 10 of the Dungeon
 13064 | D:10     | Reached skill level 2 in Shields
 13064 | D:10     | Reached skill level 5 in Translocations
 13071 | D:10     | Reached skill level 7 in Spellcasting
 13071 | D:10     | Reached skill level 9 in Conjurations
 13071 | D:10     | Reached skill level 3 in Earth Magic
 13289 | D:10     | Found a hide-covered altar of Uskayaw.
 13591 | D:10     | Reached skill level 2 in Fighting
 14229 | D:10     | You pick up a book of Alchemy and begin reading...
 14229 | D:10     | You add the spells Sublimation of Blood, Petrify and
                  | Irradiate to your library.
 14377 | D:10     | Offered knowledge of Poisonous Vapours by Vehumet.
 14379 | D:10     | Reached ** piety under Vehumet
 14380 | D:10     | Reached skill level 1 in Short Blades
 14380 | D:10     | Reached skill level 4 in Earth Magic
 14380 | D:10     | Reached XP level 11. HP: 54/73 MP: 12/22
 14993 | D:10     | Reached skill level 3 in Shields
 15033 | D:10     | Reached skill level 4 in Dodging
 15033 | D:10     | Reached skill level 6 in Translocations
 15277 | D:11     | Noticed a boulder beetle
 15480 | D:11     | Reached skill level 5 in Earth Magic
 15753 | D:11     | Reached skill level 8 in Spellcasting
 15857 | D:11     | Found a staircase to the Lair.
 16157 | D:11     | Offered knowledge of Scorch by Vehumet.
 16169 | D:11     | Learned a level 2 spell: Scorch
 16457 | D:11     | Reached *** piety under Vehumet
 16530 | D:11     | Found a staircase to the Orcish Mines.
 16647 | D:11     | Reached skill level 1 in Fire Magic
 16839 | D:11     | Offered knowledge of Inner Flame by Vehumet.
 16944 | D:11     | Learned a level 3 spell: Inner Flame
 17119 | D:11     | You pick up a book of Lightning and begin reading...
 17119 | D:11     | You add the spells Static Discharge, Lightning Bolt and
                  | Maxwell's Capacitive Coupling to your library.
 17233 | D:11     | Found a runed translucent gate.
 17234 | D:11     | Found a runed translucent gate.
 17234 | D:11     | Found a runed translucent gate.
 17236 | D:11     | Noticed osinmv's ghost (journeyman GrFi)
 17238 | D:11     | Noticed a glowing orange brain
 17465 | D:11     | Noticed a six-headed hydra
 17515 | D:11     | Found a viscous altar of Jiyva.
 17590 | Lair:1   | Entered Level 1 of the Lair of Beasts
 17667 | Lair:1   | Reached skill level 10 in Conjurations
 17835 | Lair:1   | Found a runed translucent door.
 17835 | Lair:1   | Noticed croobank's ghost (novice GnDe)
 17872 | Lair:1   | Found a shadowy altar of Dithmenos.
 17970 | Lair:1   | Reached skill level 5 in Stealth
 18258 | Lair:1   | You pick up a book of Fire and begin reading...
 18258 | Lair:1   | You add the spells Fireball, Starburst and Ignition to your
                  | library.
 18265 | Lair:1   | Learned a level 5 spell: Fireball
 18890 | Lair:2   | Reached XP level 12. HP: 80/80 MP: 15/24
 19115 | Lair:2   | Noticed a five-headed hydra
 19136 | Lair:2   | Noticed a seven-headed hydra
 19387 | Lair:2   | Reached skill level 2 in Fire Magic
 20019 | Lair:2   | Reached skill level 9 in Spellcasting
 20023 | Lair:2   | Reached skill level 7 in Translocations
 20253 | Lair:2   | Killed a five-headed hydra
 20839 | Lair:2   | Found a hole to the Spider Nest.
 21489 | Lair:2   | magus.rc [v1.9.6]
 21502 | Lair:2   | Killed a seven-headed hydra
 21503 | Lair:2   | Reached skill level 11 in Conjurations
 21615 | Lair:3   | Noticed a seven-headed hydra
 21617 | Lair:3   | Noticed Urug
 21620 | Lair:3   | Killed a seven-headed hydra
 21638 | Lair:1   | Reached **** piety under Vehumet
 21858 | Lair:3   | Reached skill level 4 in Shields
 21999 | Lair:3   | Reached skill level 10 in Spellcasting
 22240 | Lair:3   | Killed Urug
 22474 | Lair:3   | You fall into a shaft and drop 2 floors!
 22495 | Lair:5   | Reached skill level 5 in Dodging
 22591 | Lair:5   | Reached XP level 13. HP: 67/85 MP: 17/27
 22785 | Lair:5   | Reached skill level 3 in Fire Magic
 22792 | Lair:5   | HP: 13/85 [elephant (12)]
 22795 | Lair:5   | Reached skill level 3 in Fighting
 23183 | Lair:5   | Offered knowledge of Ignite Poison by Vehumet.
 23185 | Lair:5   | Reached skill level 8 in Translocations
 23240 | Lair:5   | Learned a level 4 spell: Passage of Golubria
 23291 | Lair:5   | Reached skill level 1 in Polearms
 23888 | Lair:3   | Reached skill level 12 in Conjurations
 24142 | Lair:3   | Noticed a boulder beetle
 24900 | Lair:3   | HP: 20/86 [boulder beetle (19)]
 25174 | Lair:2   | magus.rc [v1.9.6]
 25221 | Lair:3   | Reached skill level 11 in Spellcasting
 25356 | Lair:3   | Learned a level 5 spell: Lightning Bolt
 25452 | Lair:4   | Noticed a five-headed hydra
 25460 | Lair:4   | Killed a five-headed hydra
 25742 | Lair:4   | Noticed Rupert
 26039 | Lair:3   | Killed a boulder beetle
 26271 | Lair:4   | Killed Rupert
 26669 | Lair:4   | Found a staircase to the Shoals.
 26748 | Lair:4   | Noticed a catoblepas
 26769 | Lair:4   | Noticed an eight-headed hydra
 26917 | Lair:4   | Killed an eight-headed hydra
 26918 | Lair:4   | Reached XP level 14. HP: 93/93 MP: 22/29
 27492 | Lair:4   | Reached ***** piety under Vehumet
 27758 | Lair:5   | Offered knowledge of Orb of Destruction by Vehumet.
 27844 | Lair:4   | Learned a level 7 spell: Orb of Destruction
 28092 | Lair:5   | Reached skill level 12 in Spellcasting
 28186 | Lair:5   | Found a transporter.
 28240 | Lair:5   | You pick up a book of Rime and begin reading...
 28240 | Lair:5   | You add the spells Frozen Ramparts, Ice Form and Summon Ice
                  | Beast to your library.
 28286 | Lair:5   | Noticed Sozuc's ghost (journeyman KoWz)
 28318 | Lair:5   | Found a transporter.
 28369 | Lair:5   | Identified the +8 dire flail "Plog" {drain, +Blink rPois
                  | rF+ Int+4}
 28662 | Lair:5   | Found a staircase to the Slime Pits.
 28667 | Lair:5   | Reached skill level 13 in Conjurations
 29590 | Lair:5   | magus.rc [v1.9.6]
 29592 | Lair:6   | Entered Level 6 of the Lair of Beasts
 29597 | Lair:6   | Reached skill level 4 in Fire Magic
 30006 | Lair:6   | Reached skill level 6 in Dodging
 30006 | Lair:6   | Reached skill level 1 in Hexes
 30134 | Lair:5   | magus.rc [v1.9.6]
 30194 | Lair:5   | Reached skill level 9 in Translocations
 30882 | Lair:6   | Reached skill level 1 in Maces & Flails
 31535 | Lair:6   | Reached skill level 2 in Hexes
 31717 | Lair:6   | Reached skill level 5 in Fire Magic
 32694 | Lair:6   | Reached XP level 15. HP: 94/98 MP: 16/31
 33962 | Lair:6   | Reached skill level 13 in Spellcasting
 34456 | Lair:6   | magus.rc [v1.9.6]
 34471 | Lair:6   | Reached skill level 14 in Conjurations
 34696 | Lair:4   | Reached skill level 6 in Fire Magic
 35143 | D:11     | Reached skill level 3 in Hexes
 35248 | D:12     | Reached skill level 4 in Armour
 35312 | D:12     | Reached skill level 1 in Evocations
 35409 | D:12     | Reached skill level 5 in Shields
 35867 | D:12     | Reached skill level 2 in Maces & Flails
 36325 | D:12     | Reached skill level 2 in Evocations
 36857 | D:12     | magus.rc [v1.9.6]
 37069 | D:12     | magus.rc [v1.9.6]
 37744 | Orc:1    | Entered Level 1 of the Orcish Mines
 37784 | D:11     | Learned a level 6 spell: Starburst
 38143 | Orc:1    | Reached skill level 10 in Translocations
 38364 | Orc:2    | Entered Level 2 of the Orcish Mines
 38383 | Orc:2    | Reached skill level 3 in Evocations
 38508 | Orc:2    | Offered knowledge of Lee's Rapid Deconstruction by Vehumet.
 38919 | Orc:2    | Found Ymnog's Armour Boutique.
 39587 | Orc:2    | Found a staircase to the Elven Halls.
 39641 | Orc:2    | Found Ciatzed's Armour Boutique.
 39641 | Orc:2    | Found Vowkyt's Book Shop.
 39642 | Orc:2    | Found Yteaf Ufarr's Jewellery Shop.
 39645 | Orc:2    | Found Xutu Goi's Magic Scroll Boutique.
 39649 | Orc:2    | Bought a scroll of identify for 30 gold pieces
 39649 | Orc:2    | Bought 2 scrolls of identify for 60 gold pieces
 40701 | Orc:1    | Reached XP level 16. HP: 106/106 MP: 9/33
 40813 | Orc:1    | magus.rc [v1.9.6]
 40831 | Orc:1    | Found Buichash's General Store.
 40835 | Orc:1    | Found Repti's Specific Store.
 40839 | Orc:1    | Bought a potion of curing for 39 gold pieces
 41491 | Orc:2    | Bought the ring of the Tortoise {AC+8} for 1920 gold pieces
 41491 | Orc:2    | Found the ring of the Tortoise {AC+8}
 41491 | Orc:2    | Bought a ring of magical power for 300 gold pieces
 41525 | Orc:2    | Bought the +0 pair of boots of Gozag's Fury {rCorr Dex+9}
                  | for 468 gold pieces
 41540 | Orc:2    | magus.rc [v1.9.6]
 41689 | D:13     | Reached skill level 1 in Air Magic
 41919 | D:13     | Reached skill level 4 in Evocations
 42128 | D:13     | magus.rc [v1.9.6]
 42672 | D:13     | You pick up a book of Cantrips and begin reading...
 42672 | D:13     | You add the spells Animate Skeleton, Summon Small Mammal
                  | and Apportation to your library.
 42717 | D:13     | Learned a level 1 spell: Apportation
 42724 | D:13     | Offered knowledge of Eringya's Noxious Bog by Vehumet.
 42790 | D:13     | magus.rc [v1.9.6]
 43268 | D:13     | magus.rc [v1.9.6]
 43303 | D:14     | Found a frozen archway.
 43620 | IceCv    | Entered an ice cave
 43879 | IceCv    | Reached skill level 5 in Evocations
 43901 | IceCv    | magus.rc [v1.9.6]
 44445 | IceCv    | Reached skill level 14 in Spellcasting
 45093 | IceCv    | Noticed an azure jelly
 45139 | IceCv    | Killed an azure jelly
 45140 | IceCv    | Reached skill level 15 in Conjurations
 45140 | IceCv    | Reached skill level 7 in Fire Magic
 45201 | IceCv    | Reached skill level 4 in Fighting
 45398 | IceCv    | Noticed an azure jelly
 45402 | IceCv    | Killed an azure jelly
 45472 | IceCv    | Noticed a rockslime
 45540 | IceCv    | HP: 14/106 [rockslime (24)]
 45543 | IceCv    | Noticed an azure jelly
 45702 | IceCv    | Killed an azure jelly
 46103 | IceCv    | Found a viscous altar of Jiyva.
 46119 | IceCv    | Identified the ring of Resumed Hostilities {Will+ Dex+2
                  | SInv}
 46378 | D:14     | Upgraded the game from 0.28.0-47-ge53b351184 to
                  | 0.28.0-49-g6dfe1f597d
 46378 | D:14     | magus.rc [v1.9.6]
 46410 | D:14     | Noticed Louise
 46744 | D:14     | Reached skill level 6 in Evocations
 47107 | D:14     | You are cast into the Abyss!
 47107 | D:14     | Cast into level 2 of the Abyss (Louise)
 47229 | Abyss:2  | Noticed a tentacled starspawn
 47247 | Abyss:2  | Killed a tentacled starspawn
 47291 | Abyss:2  | Found a corrupted altar of Lugonu.
 47379 | Abyss:3  | Found a corrupted altar of Lugonu.
 47925 | Abyss:3  | magus.rc [v1.9.6]
 48090 | Abyss:3  | Noticed a tentacled starspawn
 48095 | Abyss:3  | Killed a tentacled starspawn
 48156 | Abyss:3  | Paralysed by accursed screaming for 1 turns
 48191 | Abyss:3  | Noticed a bone dragon
 48194 | Abyss:3  | Noticed a hellephant
 48202 | Abyss:3  | HP: 22/106 [starcursed mass/accursed screaming (8)]
 48205 | Abyss:3  | HP: 8/106 [starcursed mass/accursed screaming (8)]
 48207 | Abyss:3  | HP: 3/106 [burnt (2)]
 48207 | Abyss:3  | Killed from afar by a starcursed mass

Vanquished Creatures
  Rupert (Lair:4)
  2 tentacled starspawn
  3 azure jellies (IceCv)
  4 quicksilver oozes (IceCv)
  A dire elephant (Lair:6)
  2 ettins
  A fire dragon (Lair:6)
  7 boulder beetles
  10 hydras
  8 centaur warriors
  2 catoblepae
  A two-headed ogre (D:12)
  4 orc high priests (Orc:2)
  23 slime creatures
  3 death yaks (Lair:6)
  Urug (Lair:3)
  A sixfirhy (Abyss:2)
  A swamp dragon (Lair:6)
  4 lindwurms
  An orange crystal statue (IceCv)
  2 deep elf pyromancers
  8 ugly things
  An orc sorcerer (Orc:2)
  4 oklob plants (Lair:5)
  5 cyclopes
  10 elephants
  11 cane toads
  8 black mambas
  2 torpor snails (Lair:6)
  3 gargoyles
  An orange demon (Abyss:3)
  2 smoke demons (Abyss:3)
  A freezing wraith (D:14)
  11 rime drakes
  11 komodo dragons
  3 very ugly thing simulacra (IceCv)
  7 entropy weaver simulacra (IceCv)
  An ancient zyme (Abyss:3)
  9 trolls
  2 hornets
  3 polar bears
  6 blink frogs
  7 dream sheep
  4 flying skulls (Abyss:3)
  4 shadows
  3 water elementals (D:14)
  Sigmund (D:2)
  5 wraiths
  A vampire (D:12)
  61 yaks
  A ynoxinul (Abyss:3)
  9 wyverns
  7 basilisks
  A small abomination (Abyss:2)
  2 steam dragons (Lair:6)
  11 vampire mosquitoes
  A warg (D:11)
  20 water moccasins
  2 demonic crawler simulacra (IceCv)
  3 large abominations (Abyss:3)
  4 acid dragons
  A hell hound (Lair:4)
  A swamp drake (Lair:6)
  6 black bears
  22 orc warriors
  An ice beast (D:7)
  A black bear (shapeshifter) (D:14)
  6 ugly thing simulacra (IceCv)
  5 ogres
  3 starcursed masses (Abyss:3)
  18 centaurs
  A phantom (D:4)
  27 wolves
  4 kobold brigands
  12 bullfrogs
  A scorpion (D:4)
  A gnoll sergeant (D:11)
  3 troll zombies (D:11)
  A wight (D:8)
  4 electric eels (D:14)
  5 howler monkeys
  5 centaur zombies
  A bullfrog zombie (D:6)
  2 quasits
  4 hounds
  25 orc priests
  7 iguanas
  27 orc wizards
  9 hell rats (Lair:4)
  3 killer bee zombies
  5 ogre zombies (D:11)
  A hound zombie (D:5)
  A hound skeleton (D:4)
  A howler monkey zombie (D:7)
  10 gnolls
  9 adders
  A river rat (D:3)
  2 shadow imps
  An adder skeleton (D:3)
  3 dart slugs
  5 worms
  64 orcs
  8 ball pythons
  12 endoplasms
  10 giant cockroaches
  13 goblins
  13 hobgoblins
  A jackal (Sewer)
  28 kobolds
  5 quokkas
  5 bats
  3 frilled lizards (D:1)
  7 goblin zombies (D:11)
  A hobgoblin zombie (D:11)
  17 orc zombies (D:11)
  5 rats
  A bush (Lair:6)
  2 starspawn tentacles (Abyss:2)
778 creatures vanquished.

Vanquished Creatures (collateral kills)
  2 elephants (Lair:5)
  A dream sheep (Lair:3)
3 creatures vanquished.

Vanquished Creatures (others)
  A tengu conjurer (D:13)
  A kobold (D:9)
  95 fungi
  2 lurking horrors
  163 plants
  A starspawn tentacle (Abyss:3)
263 creatures vanquished.

Grand Total: 1044 creatures vanquished

Table legend:
 A = Non-vault XP
 B = Vault XP
 C = Vault XP percentage of total XP
 D = Non-vault monster count
 E = Vault monster count
 F = Vault count percentage of total count
                 A         B        C        D         E       F
            +---------+---------+-------+---------+---------+-------
      Total |   82255 |   63498 |  43.6 |     514 |     265 |  34.0
            +---------+---------+-------+---------+---------+-------
        D:1 |      49 |       8 |  14.0 |      29 |       4 |  12.1
        D:2 |     150 |     253 |  62.8 |      26 |       7 |  21.2
        D:3 |      32 |      51 |  61.4 |      14 |      11 |  44.0
        D:4 |     389 |       0 |   0.0 |      19 |       0 |   0.0
        D:5 |     583 |      12 |   2.0 |      19 |       6 |  24.0
        D:6 |     562 |       0 |   0.0 |      16 |       0 |   0.0
        D:7 |     660 |       0 |   0.0 |      12 |       0 |   0.0
        D:8 |     615 |      59 |   8.8 |      10 |       2 |  16.7
        D:9 |     943 |       0 |   0.0 |      22 |       0 |   0.0
       D:10 |    3698 |    1332 |  26.5 |      20 |       7 |  25.9
       D:11 |    2224 |    2536 |  53.3 |      20 |      46 |  69.7
       D:12 |    8057 |    7014 |  46.5 |      29 |      15 |  34.1
       D:13 |    7402 |       0 |   0.0 |      24 |       0 |   0.0
       D:14 |   11142 |       0 |   0.0 |      26 |       0 |   0.0
     Lair:1 |    2073 |     472 |  18.5 |       9 |       1 |  10.0
     Lair:2 |    5885 |    1508 |  20.4 |      21 |       4 |  16.0
     Lair:3 |    4523 |    4789 |  51.4 |      21 |      14 |  40.0
     Lair:4 |    4063 |    7138 |  63.7 |      10 |      25 |  71.4
     Lair:5 |    9893 |    2229 |  18.4 |      42 |       4 |   8.7
     Lair:6 |   13686 |   13496 |  49.7 |      43 |      34 |  44.2
      Orc:1 |    2923 |       0 |   0.0 |      37 |       0 |   0.0
      Orc:2 |    2429 |    5625 |  69.8 |      23 |      44 |  65.7
    Abyss:2 |       0 |       0 |   N/A |       4 |       0 |   0.0
    Abyss:3 |       0 |       0 |   N/A |      17 |       0 |   0.0
      Sewer |       0 |     159 | 100.0 |       0 |       2 | 100.0
      IceCv |     274 |   16817 |  98.4 |       1 |      39 |  97.5
            +---------+---------+-------+---------+---------+-------

Illustrated notes

Table legend:
 A = Kills in this place as a percentage of kills in entire the game.
 B = Kills by you in this place as a percentage of kills by you in the entire game.
 C = Kills by friends in this place as a percentage of kills by friends in the entire game.
 D = Other kills in this place as a percentage of other kills in the entire game.
 E = Experience gained in this place as a percentage of experience gained in the entire game.
 F = Experience gained in this place divided by the number of levels of this place that you have seen.
                   A       B       C       D       E      F
               +-------+-------+-------+-------+-------+----------------------
         Total | 100.0 | 100.0 | 100.0 | 100.0 | 100.0 | 5398.3
       Dungeon |  49.3 |  49.4 |   0.0 | 100.0 |  32.8 | 3412.2
          Lair |  29.3 |  29.0 | 100.0 |   0.0 |  47.9 | 11625.8
  Orcish Mines |  13.4 |  13.4 |   0.0 |   0.0 |   7.5 | 5488.5
         Abyss |   2.7 |   2.7 |   0.0 |   0.0 |   0.0 |   0.0
         Sewer |   0.3 |   0.3 |   0.0 |   0.0 |   0.1 | 159.0
      Ice Cave |   5.1 |   5.2 |   0.0 |   0.0 |  11.7 | 17091.0
               +-------+-------+-------+-------+-------+----------------------

Table legend: (Time is in decaauts)
 A = Elapsed time spent in this place.
 B = Non-inter-level travel time spent in this place.
 C = Inter-level travel time spent in this place.
 D = Time resting spent in this place.
 E = Time spent auto-exploring this place.
 F = Levels seen in this place.
 G = Mean time per level.
                   A        B        C        D        E       F      G
               +--------+--------+--------+--------+--------+-----+--------+
         Total |  48385 |  46868 |   1517 |  18659 |  17795 |  27 | 1792.0 |
       Dungeon |  23103 |  22235 |    868 |   6166 |  12550 |  14 | 1650.2 |
        Temple |    141 |    119 |     22 |      0 |    102 |   1 |  141.0 |
          Lair |  17303 |  16836 |    467 |   8551 |   3694 |   6 | 2883.8 |
  Orcish Mines |   3692 |   3533 |    159 |   1567 |   1332 |   2 | 1846.0 |
         Abyss |   1108 |   1108 |      0 |    606 |     17 |   2 |  554.0 |
         Sewer |    451 |    451 |      0 |    302 |     99 |   1 |  451.0 |
      Ice Cave |   2585 |   2585 |      0 |   1467 |      0 |   1 | 2585.0 |
               +--------+--------+--------+--------+--------+-----+--------+

Top non-repeatable levels by time:
  Lair:5: 4446 daAuts
  Lair:6: 3661 daAuts
    D:11: 3522 daAuts
  Lair:2: 2787 daAuts
   IceCv: 2585 daAuts
  Lair:3: 2365 daAuts
    D:12: 2260 daAuts
    D:10: 2163 daAuts
  Lair:4: 2023 daAuts
  Lair:1: 2019 daAuts
     D:2: 1992 daAuts
   Orc:1: 1972 daAuts
   Orc:2: 1720 daAuts
     D:5: 1615 daAuts
     D:6: 1588 daAuts
